 Dungeon Crawl Stone Soup version 0.25-a0-544-gee0576305d (webtiles) character file.

Game seed: 1642468270661753650, levelgen mode: classic

6811 EnegeticOcto the Cleaver (level 10, -2/96 HPs)
             Began as a Deep Dwarf Fighter on Feb 20, 2020.
             Was a Priest of Makhleb.
             Slain by an orc warrior
             ... wielding a cursed -2 trident
              (12 damage)
             ... while paralysed by an orc sorcerer
             ... on level 1 of the Orcish Mines.
             The game lasted 00:04:53 (5292 turns).

EnegeticOcto the Cleaver (Deep Dwarf Fighter)       Turns: 5292, Time: 00:04:54

Health: -2/96      AC:  5    Str: 27    XL:     10   Next: 77%
Magic:  2/2        EV:  2    Int: 10    God:    Makhleb [***...]
Gold:   606        SH:  0    Dex: 14    Spells: 9/9 levels left

rFire    . . .     SeeInvis +   a - +1 war axe (flame)
rCold    . . .     Gourm    .   c - +1 kite shield
rNeg     . . .     Faith    .   b - +0 plate armour
rPois    .         Spirit   .   (helmet restricted)
rElec    .         Reflect  .   (no cloak)
rCorr    .         Harm     .   (no gloves)
MR       ++...                  (no boots)
Stlth    ..........             (no amulet)
HPRegen  0.00/turn              l - ring of protection from magic
MPRegen  0.08/turn              s - ring of see invisible

@: paralysed, mighty, corroded, non-regenerating
A: damage resistance, heal wounds, horns 1, agile 1, blurry vision 1, sense
surroundings 2, no regeneration
a: Heal Wounds, Minor Destruction, Lesser Servant of Makhleb, Renounce Religion


You were on level 1 of the Orcish Mines.
You worshipped Makhleb.
Makhleb was most pleased with you.
You were not hungry.

You visited 3 branches of the dungeon, and saw 11 of its levels.
You also visited: Ossuary.

You collected 810 gold pieces.
You spent 204 gold pieces at shops.

Inventory:

Hand Weapons
 a - a +1 war axe of flaming (weapon)
 p - a +4 war axe
Armour
 b - a +0 plate armour (worn)
 c - a +1 kite shield (worn)
 d - a +0 helmet
Jewellery
 l - a ring of protection from magic (left hand)
 s - a ring of see invisible (right hand)
Wands
 v - a wand of paralysis (7)
 y - a wand of iceblast (9)
 B - a wand of polymorph (8)
Scrolls
 g - 2 scrolls of blinking {@r3}
 h - 2 scrolls of remove curse {@r6}
 i - a scroll of magic mapping {@r5}
 m - 4 scrolls of teleportation {@r2}
 n - a scroll of amnesia
 q - 3 scrolls of enchant armour
 r - 2 scrolls of identify {@r1}
 t - a scroll of immolation {@r4}
 z - a scroll of fog {unknown}
Potions
 f - 2 potions of flight {unknown}
 j - a potion of stabbing {@q5}
 k - a potion of might {@q3}
 o - 4 potions of lignification {unknown}
 u - 2 potions of berserk rage {unknown}
 w - 5 potions of curing {unknown}
 x - 3 potions of heal wounds {@q2}
 A - a potion of invisibility {unknown}
Comestibles
 e - 10 rations
 C - 11 chunks of flesh


   Skills:
 * Level 8.2 Fighting
 * Level 9.4 Axes
 + Level 7.2 Armour
 + Level 6.2 Dodging
 + Level 7.3 Shields
 * Level 7.1 Invocations


You had 9 spell levels left.
You didn't know any spells.
Your spell library was empty.

Dungeon Overview and Level Annotations

Branches:
Dungeon (9/15)             Temple (1/1) D:5            Lair (0/6) D:9
    Orc (1/2) D:9         Ossuary (visited)

Altars:
Ashenzari
Cheibriados
Dithmenos
Elyvilon
Fedhas
Gozag
Hepliaklqana
Makhleb
Nemelex Xobeh
Okawaru
Qazlal
Ru
Sif Muna
Trog
Uskayaw
Wu Jian
Xom
Yredelemnul
Zin
The Shining One

Shops:
D:5 *   D:8 :   D:9 ?   Orc:1 [


Innate Abilities, Weirdness & Mutations

You are resistant to damage.
You can heal yourself by infusing magical energy.
You passively map the area around you.
You do not regenerate.
You have a pair of small horns on your head.
You are agile. (Dex +2)
Scrolls take you a little longer to read.


Message History

You feel better.
You completely miss the orc sorcerer. You hit the orc warrior.
You burn the orc warrior. You block the orc sorcerer's attack.
The ynoxinul hits you but does no damage.
The orc warrior completely misses you.
The orc priest calls upon Beogh to heal the orc warrior.
The orc warrior's wounds heal themselves!
You hit the ynoxinul but do no damage.
The ynoxinul is heavily wounded.
Your shield and plate armour prevent you from hitting the orc.
You hit the orc sorcerer. You burn the orc sorcerer.
You hit the orc warrior but do no damage.
The orc sorcerer casts a spell.
You block the ynoxinul's attack. The orc warrior barely misses you.
The orc sorcerer hits you but does no damage.
You hit the orc sorcerer. You burn the orc sorcerer.
You headbutt the orc sorcerer, but do no damage.
The orc sorcerer is heavily wounded.
You slash the orc knight! You burn the orc knight. You hit the ynoxinul.
You burn the ynoxinul.
You hit the orc warrior but do no damage.
The ynoxinul gestures.
The orc warrior hits you from afar with a +0 trident!
The orc warrior hits you with a cursed -2 trident!
You block the orc sorcerer's attack.
You closely miss the ynoxinul.
The ynoxinul is severely wounded.
You slash the orc knight! You burn the orc knight.
Your plate armour prevents you from hitting the orc.
You hit the orc sorcerer but do no damage.
You completely miss the orc warrior. The ynoxinul hits you!
The orc warrior hits you from afar with a +0 trident!
* * * LOW HITPOINT WARNING * * *
The orc knight hits you with a +1 battleaxe of electrocution!
* * * LOW HITPOINT WARNING * * *
You block the orc's attack. You block the orc warrior's attack.
The orc sorcerer hits you with a cursed -2 dagger.
* * * LOW HITPOINT WARNING * * *
You are too injured to fight recklessly!
You feel much better.
The ynoxinul gestures.
You block the orc warrior's attack. The orc closely misses you.
The orc priest hits you but does no damage.
The orc sorcerer casts a spell at you. The bolt of fire hits you!
The rust devil barely misses you.
You fail to use your ability.
The orc warrior barely misses you. The orc knight barely misses you.
The ynoxinul hits you but does no damage.
The ufetubus hits you but does no damage.
You block the ufetubus's attack.
The orc warrior hits you but does no damage.
The orc hits you but does no damage. The rust devil completely misses you.
You block the orc sorcerer's attack.
The orc priest hits you from afar with a +0 trident!
* * * LOW HITPOINT WARNING * * *
Okay, then.
You feel much better. You block the ufetubus's attack.
The ufetubus closely misses you.
The orc warrior hits you with a cursed -2 trident.
You block the ynoxinul's attack. You block the orc knight's attack.
The orc closely misses you.
The orc warrior hits you but does no damage.
The orc sorcerer completely misses you. The rust devil barely misses you.
The ufetubus hits you but does no damage. x2
You feel very mighty all of a sudden. You block the orc priest's attack.
The orc warrior hits you with a cursed -2 trident.
The ynoxinul hits you. You block the ufetubus's attack.
The ufetubus hits you but does no damage.
The orc knight barely misses you. The orc barely misses you.
The rust devil barely misses you. The orc warrior closely misses you.
The orc sorcerer barely misses you.
You feel much better. You block the ufetubus's attack.
The ufetubus barely misses you.
The orc priest invokes the aid of Beogh against you.
Beogh smites you! You block the orc warrior's attack.
The ynoxinul barely misses you. The orc hits you but does no damage.
The rust devil hits you. The rust devil corrodes you!
You block the orc knight's attack.
The ufetubus hits you but does no damage. x2
The orc sorcerer gestures at you while chanting.
You suddenly lose the ability to move!
The orc warrior no longer looks unusually strong.
The orc warrior hits you from afar with a +0 trident!
The orc priest hits you but does no damage.
The ynoxinul hits you but does no damage.
The orc warrior hits you with a cursed -2 trident!
The ufetubus hits you but does no damage.
The ufetubus hits you. The orc hits you but does no damage.
The rust devil hits you. The rust devil corrodes you!
The orc sorcerer mumbles some strange words.
The orc sorcerer no longer looks unusually strong.
The ufetubus hits you.
The ufetubus hits you but does no damage.
The orc warrior hits you but does no damage.
The orc priest hits you but does no damage.
The orc knight hits you with a +1 battleaxe of electrocution!!
* * * LOW HITPOINT WARNING * * *
The ynoxinul hits you but does no damage.
The orc warrior hits you with a cursed -2 trident!
You die...

,, ,, , ,,, ,, , *
#...##......... ,_ ,
...##.......#.........
,, ,
.......#...........#.. .
,
..........#......$..#,..
, ,
..............#5...##...
^ ..........$....o......
, ........>...#.∩o#35##,
* ...............5@o5.#
*
.....#)#......#4ooo....#
*,
......)..........#.#...#
,*
......)........4....#.##
..<.....#...........#
...##.####.#.#.#.#.##
####### ###########


You could see an orc knight, a hellwing, a rust devil, a ynoxinul, an orc
sorcerer, 2 orc warriors, an orc priest, an orc and 4 ufetubi.

Vanquished Creatures
  Pikel (D:8)
  Grinder (D:4)
  A hippogriff (D:7)
  7 yaks
  A hungry ghost (D:8)
  A soldier ant (D:7)
  A porcupine (D:9)
  An ice beast (D:5)
  5 orc warriors
  2 black bears
  An eye of draining (D:9)
  A sky beast (D:9)
  A slave (D:8)
  A phantom (D:7)
  5 ogres
  2 centaurs
  4 crocodiles (D:9)
  7 bullfrogs
  A water moccasin skeleton (D:5)
  6 scorpions
  3 killer bees (D:9)
  7 wights
  3 howler monkeys (D:9)
  3 crimson imps
  A centaur zombie (D:9)
  A jelly (D:9)
  A quasit (D:8)
  2 bullfrog zombies
  3 hounds
  7 orc priests
  5 orc wizards
  6 iguanas
  11 worker ants
  A killer bee zombie (D:9)
  A hound skeleton (D:6)
  8 mummies (Ossuary)
  2 worker ant zombies
  12 adders
  2 shadow imps
  An adder zombie (D:7)
  3 adder skeletons
  2 leopard geckos
  24 orcs
  A ball python (D:6)
  2 bats
  2 giant cockroaches
  A goblin (D:3)
  A hobgoblin (D:3)
  10 jackals
  4 quokkas
  A frilled lizard (D:2)
  2 gnoll zombies (Ossuary)
  A hobgoblin zombie (Ossuary)
  A kobold (D:1)
  2 kobold zombies (Ossuary)
  3 orc zombies (Ossuary)
  A quokka skeleton (D:4)
  A fungus (D:9)
  A plant (D:9)
193 creatures vanquished.

Vanquished Creatures (others)
  A sky beast (D:8)
  A frilled lizard (D:2)
  9 fungi (D:9)
  8 plants (D:9)
19 creatures vanquished.

Grand Total: 212 creatures vanquished

Notes
Turn   | Place    | Note
-------+----------+-------------------------------------------
     0 | D:1      | EnegeticOcto the Deep Dwarf Fighter began the quest for the
                  | Orb.
     0 | D:1      | Reached XP level 1. HP: 20/20 MP: 1/1
   191 | D:2      | Reached XP level 2. HP: 20/27 MP: 2/2
   290 | D:4      | Reached XP level 3. HP: 28/34 MP: 3/3
   328 | D:4      | Reached skill level 3 in Axes
   328 | D:4      | Reached skill level 1 in Dodging
   395 | D:4      | Noticed a scorpion
   415 | D:4      | Killed a scorpion
   415 | D:4      | Reached XP level 4. HP: 31/42 MP: 4/4
   423 | D:4      | Noticed a bullfrog
   428 | D:4      | Noticed an ogre
   445 | D:4      | Killed a bullfrog
   445 | D:4      | Reached XP level 5. HP: 50/50 MP: 3/3
   446 | D:4      | Killed an ogre
   446 | D:4      | Reached skill level 4 in Axes
   446 | D:4      | Reached XP level 6. HP: 36/57 MP: 4/4
   754 | D:4      | Noticed Grinder
   762 | D:4      | Paralysed by Grinder for 3 turns
   775 | D:4      | Paralysed by Grinder for 3 turns
   782 | D:4      | Paralysed by Grinder for 3 turns
   790 | D:4      | Killed Grinder
   790 | D:4      | Reached XP level 7. HP: 52/66 MP: 5/5
   931 | D:4      | Reached skill level 5 in Axes
  1249 | D:5      | Entered Level 5 of the Dungeon
  1256 | D:5      | Noticed a yak
  1257 | D:5      | Noticed a yak
  1258 | D:5      | Noticed a yak
  1260 | D:5      | Noticed a yak
  1261 | D:5      | Noticed a yak
  1263 | D:5      | Noticed a yak
  1291 | D:5      | HP: 2/66 [yak (3)]
  1304 | D:5      | Killed a yak
  1304 | D:5      | Reached skill level 5 in Fighting
  1305 | D:5      | Killed a yak
  1305 | D:5      | Reached skill level 5 in Armour
  1305 | D:5      | Reached skill level 5 in Shields
  1305 | D:5      | Reached XP level 8. HP: 53/74 MP: 6/6
  1321 | D:5      | Reached skill level 6 in Axes
  1376 | D:5      | Found Wohewkoe's Assorted Antiques.
  1382 | D:5      | Found a sand-covered staircase.
  1391 | Ossuary  | Entered an ossuary
  1443 | Ossuary  | Reached skill level 7 in Axes
  1635 | D:5      | Found a staircase to the Ecumenical Temple.
  1673 | D:5      | Gained mutation: You passively map the area around you.
                  | [Deep Dwarf growth]
  1673 | D:5      | Reached XP level 9. HP: 64/84 MP: 3/3
  1676 | Temple   | Entered the Ecumenical Temple
  1748 | Temple   | Became a worshipper of Makhleb the Destroyer
  1824 | D:5      | Found a sacrificial altar of Ru.
  1836 | D:5      | Bought a scroll labeled VOM SAISIEZIM for 30 gold pieces
  1836 | D:5      | Bought a scroll labeled ZOL LYMOEDEURAOCHA for 30 gold
                  | pieces
  1836 | D:5      | Bought a scroll labeled HENTOCSU YTET for 30 gold pieces
  1836 | D:5      | Bought a scroll labeled QABELO MEUCWYTAIV for 30 gold
                  | pieces
  1836 | D:5      | Bought a scroll labeled KODUDINENEI for 30 gold pieces
  1836 | D:5      | Bought 2 puce potions for 54 gold pieces
  2212 | D:6      | Reached skill level 1 in Invocations
  3004 | D:7      | Reached skill level 5 in Dodging
  3032 | D:7      | Reached * piety under Makhleb
  3032 | D:7      | Reached skill level 8 in Axes
  3140 | D:7      | Gained mutation: Scrolls take you a little longer to read.
                  | [potion of mutation]
  3140 | D:7      | Gained mutation: You are agile. (Dex +2) [potion of
                  | mutation]
  3140 | D:7      | Gained mutation: You have a pair of small horns on your
                  | head. [potion of mutation]
  3168 | D:7      | Found a shattered altar of Ashenzari.
  3928 | D:8      | Found a stormy altar of Qazlal.
  4175 | D:8      | Reached XP level 10. HP: 76/94 MP: 5/5
  4179 | D:8      | Reached skill level 5 in Invocations
  4223 | D:8      | Found Wuat's Book Shoppe.
  4301 | D:8      | Reached ** piety under Makhleb
  4417 | D:8      | Noticed Pikel
  4443 | D:8      | Killed Pikel
  4867 | D:9      | Reached skill level 9 in Axes
  4911 | D:9      | Found a staircase to the Lair.
  4960 | D:9      | Found Qoeth's Magic Scroll Emporium.
  4971 | D:9      | Reached *** piety under Makhleb
  5122 | D:9      | Found a staircase to the Orcish Mines.
  5253 | Orc:1    | Entered Level 1 of the Orcish Mines
  5268 | Orc:1    | Found Iliygask's Antique Armour Shop.
  5275 | Orc:1    | Noticed an orc sorcerer
  5277 | Orc:1    | Noticed an orc knight
  5284 | Orc:1    | Noticed a rust devil
  5290 | Orc:1    | Paralysed by an orc sorcerer for 7 turns
  5292 | Orc:1    | Slain by an orc warrior

Levels and vault maps discovered:
D:1:      ncdulo_smallfort, layout_basic
D:2:      layout_rooms, nicolae_ru_sacrificial_ziggurat, fiery_altar_vehumet,
          minmay_hedge_maze, lemuel_blue_sif_altar
D:3:      corexii_shack_village, layout_loops_corners, hex_large, uniq_sigmund,
          uniq_robin
D:4:      layout_layer_cave, first_ration, minmay_starry_boxes, uniq_grinder
D:5:      layout_cave_pools, minmay_temple_entry_statues_pillars, basic_altar,
          serial_shops, shop, lightli_ossuary_entry_decrepit_ruins
D:6:      layout_layer_cave
D:7:      layout_basic, evilmike_ruin_ashenzari
D:8:      layout_basic, grunt_qazlal_clouds, serial_shops, shop,
          minmay_microvault, uniq_pikel
D:9:      layout_rooms, due_lair_maze_entry_diamond, serial_shops, shop
Temple:   regret_index_temple_mists
Orc:1:    layout_caves, basic_altar, serial_shops, shop, shop, shop,
          nicolae_shop_stone, nicolae_shop_stone,
          minmay_shop_enchanted_jewellery, uniq_maurice

Skill      XL: |  1  2  3  4  5  6  7  8  9 10 |
---------------+-------------------------------+-----
Fighting       | 3 4 5 6 7 8 |  8.2
Axes           | 3 4 5 7 8 9 |  9.4
Dodging        | 1 2 3 4 5 6 |  6.2
Armour         | 4 5 6 7 |  7.2
Shields        | 4 5 6 7 |  7.3
Invocations    | 4 7 |  7.1

Action                   |  1- 3 |  4- 6 |  7- 9 | 10-12 || total
-------------------------+-------+-------+-------+-------++-------
Melee: War axe           |    82 |    66 |   403 |   210 ||   761
       Headbutt          |       |       |    19 |    40 ||    59
 Abil: Heal Wounds       |     2 |     8 |    23 |    10 ||    43
  Use: Scroll            |       |       |    20 |       ||    20
       Potion            |       |       |     1 |     2 ||     3
  Eat: Chunk             |       |       |    12 |     7 ||    19
Armor: Scale mail        |    33 |    35 |    51 |       ||   119
       Plate armour      |       |       |    88 |    93 ||   181
       Chain mail        |       |       |     4 |       ||     4
Dodge: Dodged            |    28 |    34 |   119 |    73 ||   254
Block: Kite shield       |    62 |    42 |   243 |   161 ||   508

Table legend:
 A = Non-vault XP
 B = Vault XP
 C = Vault XP percentage of total XP
 D = Non-vault monster count
 E = Vault monster count
 F = Vault count percentage of total count
                 A         B        C        D         E       F
            +---------+---------+-------+---------+---------+-------
      Total |    7176 |    2555 |  26.3 |     154 |      37 |  19.4
            +---------+---------+-------+---------+---------+-------
        D:1 |       3 |       0 |   0.0 |       2 |       0 |   0.0
        D:2 |      22 |       0 |   0.0 |       6 |       0 |   0.0
        D:3 |       4 |       0 |   0.0 |       2 |       0 |   0.0
        D:4 |     303 |     511 |  62.8 |      12 |       8 |  40.0
        D:5 |    1937 |       0 |   0.0 |      19 |       0 |   0.0
        D:6 |     982 |       0 |   0.0 |      25 |       0 |   0.0
        D:7 |    1226 |       0 |   0.0 |      23 |       0 |   0.0
        D:8 |    1242 |     626 |  33.5 |      30 |       2 |   6.2
        D:9 |    1272 |    1269 |  49.9 |      29 |      11 |  27.5
      Orc:1 |     185 |       0 |   0.0 |       6 |       0 |   0.0
    Ossuary |       0 |     149 | 100.0 |       0 |      16 | 100.0
            +---------+---------+-------+---------+---------+-------
